 Dungeon Crawl Stone Soup version 0.27-a0-1232-gc6a4cbde82 (webtiles) character file.

Game seed: 11217471197753375302

226 karkarkar the Cudgeller (level 5, 0/47 HPs)
             Began as a Minotaur Berserker on June 9, 2021.
             Was a Believer of Trog.
             Slain by a scorpion (4 damage)
             ... on level 3 of the Dungeon.
             The game lasted 00:05:36 (3155 turns).

karkarkar the Cudgeller (Minotaur Berserker)        Turns: 3155, Time: 00:05:36

Health: 0/47       AC:  3    Str: 22    XL:     5   Next: 69%
Magic:  4/4        EV:  9    Int:  4    God:    Trog [**....]
Gold:   66         SH:  8    Dex: 10    Spells: 4/4 levels left

rFire    . . .     SeeInvis .   a - +0 mace
rCold    . . .     Faith    .   h - +0 kite shield
rNeg     + . .     Spirit   .   b - +0 animal skin
rPois    .         Reflect  .   (helmet restricted)
rElec    .         Harm     .   (no cloak)
rCorr    +         Rampage  .   (no gloves)
Will     .....                  r - +0 pair of boots
Stlth    +.........             (no amulet)
HPRegen  0.15/turn              k - ring of resist corrosion
MPRegen  0.09/turn              o - ring of positive energy

@: lethally poisoned (0 -> -28)
A: horns 2, retaliatory headbutt
a: Renounce Religion, Berserk, Trog's Hand


You were on level 3 of the Dungeon.
You worshipped Trog.
Trog was pleased with you.
You visited 1 branch of the dungeon, and saw 4 of its levels.

You collected 66 gold pieces.

Inventory:

Hand Weapons
 a - a +0 mace (weapon)
Armour
 b - a +0 animal skin (worn)
 h - a +0 kite shield (worn)
 r - a +0 pair of boots (worn)
Jewellery
 k - a ring of resist corrosion (left hand)
 o - a ring of positive energy (right hand)
Scrolls
 e - a scroll of enchant weapon {unknown}
 g - a scroll of noise {unknown}
 i - a scroll of identify {unknown}
 n - a scroll of teleportation {unknown}
 p - a scroll of enchant armour {unknown}
Potions
 c - a potion of heal wounds
 d - a potion of haste {unknown}
 f - a potion of curing {unknown}
 j - a potion of degeneration {unknown}
 l - a potion of invisibility {unknown}
 m - a potion of brilliance {unknown}
 q - a potion of berserk rage {unknown}


   Skills:
 + Level 4.4 Fighting
 * Level 6.2 Maces & Flails
 + Level 2.5 Armour
 + Level 3.3 Dodging
 + Level 0.6 Stealth
 + Level 1.3 Shields


You had 4 spell levels left.
You didn't know any spells.
Your spell library was empty.

Dungeon Overview and Level Annotations

Branches:
Dungeon (4/15)
 Temple: D:4-7

Altars:
Cheibriados


Innate Abilities, Weirdness & Mutations

You have a pair of horns on your head.
You reflexively headbutt those who attack you in melee.


Message History

You now have 66 gold pieces (gained 8).
A scorpion comes into view.
You hit the scorpion.
The scorpion is lightly wounded.
You block the scorpion's attack.
You hit the scorpion.
The scorpion is moderately wounded.
You block the scorpion's attack. x2
You barely miss the scorpion. Your headbutt misses the scorpion.
The scorpion is moderately wounded.
The scorpion stings you.
You hit the scorpion but do no damage.
The scorpion is moderately wounded.
You block the scorpion's attack. The scorpion stings you.
You are poisoned.
The scorpion poisons you!
You hit the scorpion but do no damage.
The scorpion is moderately wounded.
You feel very sick. You block the scorpion's attack. x2
You barely miss the scorpion.
The scorpion is moderately wounded.
You feel sick. The scorpion stings you.
You are more poisoned.
The scorpion poisons you!
You closely miss the scorpion.
The scorpion is moderately wounded.
You feel very sick. The scorpion stings you!
You are lethally poisoned!
The scorpion poisons you! The scorpion stings you.
You hit the scorpion.
The scorpion is heavily wounded.
* * * LOW HITPOINT WARNING * * *
You feel very sick. The scorpion stings you.
* * * LOW HITPOINT WARNING * * *
You are more poisoned.
The scorpion poisons you! The scorpion stings you.
You die...

... #.# #.#
####### #.# ..#...
#.# #.#.#########
#.# ......>.....#
#s# #.#.#..####.#
#@# #.......# #.#
#.# #...#.#####.#
#.#
#...#.......####.#
###(#..#.........#
#....#.#########
####.#. .# .#


You could see a scorpion.

Vanquished Creatures
  A phantom (D:3)
  Natasha (thrice) (D:3)
  An adder (D:3)
  A worm (D:2)
  2 orcs (D:3)
  5 endoplasms
  2 giant cockroaches
  2 goblins
  5 hobgoblins
  7 jackals (D:1)
  5 kobolds
  A quokka (D:1)
  8 ball pythons
  6 bats
  4 frilled lizards
  5 rats
58 creatures vanquished.

Notes
Turn   | Place    | Note
-------+----------+-------------------------------------------
     0 | D:1      | karkarkar the Minotaur Berserker began the quest for the
                  | Orb.
     0 | D:1      | Reached XP level 1. HP: 19/19 MP: 0/0
   220 | D:1      | Reached XP level 2. HP: 27/27 MP: 1/1
   325 | D:1      | Found a faded altar of an unknown god.
   377 | D:1      | Reached skill level 4 in Maces & Flails
   913 | D:1      | Reached XP level 3. HP: 31/33 MP: 2/2
  1550 | D:2      | You fall into a shaft and drop 2 floors!
  1550 | D:4      | Found a snail-covered altar of Cheibriados.
  1563 | D:3      | Noticed Natasha
  1575 | D:3      | Killed Natasha
  1575 | D:3      | Reached ** piety under Trog
  1576 | D:3      | Reached XP level 4. HP: 16/40 MP: 3/3
  1974 | D:3      | Noticed Natasha
  1986 | D:3      | Killed Natasha
  1987 | D:3      | Reached skill level 5 in Maces & Flails
  2065 | D:3      | Noticed Natasha
  2077 | D:3      | Killed Natasha
  2078 | D:3      | Reached skill level 1 in Shields
  2216 | D:3      | Noticed a phantom
  2231 | D:3      | Killed a phantom
  2232 | D:3      | Reached skill level 6 in Maces & Flails
  2232 | D:3      | Reached XP level 5. HP: 47/47 MP: 4/4
  3155 | D:3      | Slain by a scorpion

Illustrated notes

Levels and vault maps discovered:
D:1:      dpeg_arrival_stone_temple_mockup, layout_basic,
          shapermc_ecumenical_altar_mp_highgroup, dk_noncrumbling_2,
          minmay_misc_feat_diagonals, chequers_serial_rivers_micro_e
D:2:      layout_rooms, serial_park_tiny_1
D:3:      layout_basic, lemuel_coloured_pillars_altar, uniq_natasha
D:4:      black_bear_nest_2, layout_basic, lemuel_crystal_altar,
          vehumet_altar_wand_db, uniq_sigmund

Skill      XL: |  1  2  3  4 |
---------------+-------------+-----
Fighting       | 4 |  4.4
Maces & Flails | 4 6 |  6.2
Dodging        | 3 |  3.3
Shields        | 1 |  1.3
Armour         | |  2.5
Stealth        | |  0.6

Action                   |  1- 3 |  4- 6 || total
-------------------------+-------+-------++-------
Melee: Mace              |    75 |    59 ||   134
       Headbutt          |    11 |     7 ||    18
Invok: Berserk           |     2 |     1 ||     3
  Use: Potion            |     1 |       ||     1
 Stab: Sleeping          |     1 |       ||     1
Armor: Animal skin       |    26 |    13 ||    39
Dodge: Dodged            |    39 |    16 ||    55
Block: Kite shield       |    26 |    27 ||    53

Table legend: (Time is in decaauts)
 A = Elapsed time spent in this place.
 B = Non-inter-level travel time spent in this place.
 C = Inter-level travel time spent in this place.
 D = Time resting spent in this place.
 E = Time spent auto-exploring this place.
 F = Levels seen in this place.
 G = Mean time per level.
                   A        B        C        D        E       F      G
               +--------+--------+--------+--------+--------+-----+--------+
         Total |   3235 |   3198 |     37 |    591 |   2131 |   4 |  808.8 |
       Dungeon |   3235 |   3198 |     37 |    591 |   2131 |   4 |  808.8 |
               +--------+--------+--------+--------+--------+-----+--------+

Top non-repeatable levels by time:
     D:1: 1408 daAuts
     D:3: 1319 daAuts
     D:2: 495 daAuts
     D:4: 12 daAuts
